 Dungeon Crawl Stone Soup version 0.21.1-1-g345015f (webtiles) character file.

210 vatarom the Ruffian (level 5, -3/45 HPs)
             Began as a Draconian Transmuter on Mar 28, 2018.
             Was an Initiate of Okawaru.
             Killed by divine providence
             ... invoked by an orc priest
              (8 damage)
             ... on level 4 of the Dungeon.
             The game lasted 00:05:53 (3776 turns).

vatarom the Ruffian (Draconian Transmuter)          Turns: 3776, Time: 00:05:53

Health: -3/45      AC:  5    Str: 10 (12) XL:     5   Next: 56%
Magic:  8/8        EV: 12    Int: 12 (15) God:    Okawaru [......]
Gold:   150        SH:  0    Dex:  9 (11) Spells: 2/8 levels left

rFire    . . .     SeeInvis +     - Unarmed
rCold    . . .     Gourm    .   (no shield)
rNeg     . . .     Faith    .   (armour unavailable)
rPois    .         Spirit   .   (helmet restricted)
rElec    .         Reflect  .   (no cloak)
rCorr    .         Harm     .   (no gloves)
MR       .....                  (no boots)
Stlth    +.........             g - amulet of magic regeneration
HPRegen  0.15/turn              f - ring of see invisible
MPRegen  0.36/turn              h - ring of flight

@: appendage, very slightly contaminated
A: unfitting armour, horns 2, cold-blooded, AC +5
a: End Transformation, Renounce Religion, Evoke Flight


You were on level 4 of the Dungeon.
You worshipped Okawaru.
Okawaru was noncommittal.
You were hungry.
You had grown temporary horns.
You visited 2 branches of the dungeon, and saw 5 of its levels.

You collected 150 gold pieces.

Inventory:

Missiles
 a - 60 arrows
Jewellery
 f - a ring of see invisible (left hand)
 g - an amulet of magic regeneration (around neck)
 h - a ring of flight (right hand)
 r - a cursed amulet of inaccuracy {unknown}
Scrolls
 j - a scroll of fear
 l - a scroll of remove curse
 n - a scroll of blinking
 s - a scroll of enchant weapon
 t - a scroll of identify
Potions
 d - 2 potions of brilliance
 i - a potion of mutation {unknown}
 k - a potion of lignification
 p - a potion of might
Books
 b - a book of Changes

   Spells                             Type                      Level
   a - Beastly Appendage              Transmutation                1
   b - Sticks to Snakes               Transmutation                2
   c - Spider Form                    Transmutation/Poison         3
   d - Ice Form                       Ice/Transmutation            4
   e - Blade Hands                    Transmutation                5
Comestibles
 c - 6 rations
 m - 2 chunks of flesh


   Skills:
 + Level 3.0 Fighting
 - Level 1.7 Dodging
 * Level 4.9 Unarmed Combat
 - Level 2.0 Spellcasting
 + Level 3.3 Transmutations


You had 2 spell levels left.
You knew the following spells:

 Your Spells              Type           Power        Failure   Level  Hunger
a - Beastly Appendage     Tmut           #.....       7%          1    ##.....
b - Sticks to Snakes      Tmut           #.......     11%         2    ###....
c - Spider Form           Tmut/Pois      #.........   38%         3    ####...


Dungeon Overview and Level Annotations

Branches:
Dungeon (4/15)             Temple (1/1) D:4

Altars:
Ashenzari
Cheibriados
Dithmenos
Elyvilon
Fedhas
Hepliaklqana
Kikubaaqudgha
Makhleb
Nemelex Xobeh
Okawaru
Trog
Uskayaw
Vehumet
Wu Jian
Xom
Zin
The Shining One


Innate Abilities, Weirdness & Mutations

Your plain brown scales are hard. (AC +5)
You cannot fit into any form of body armour.
You are cold-blooded and may be slowed by cold attacks.
You have a pair of horns on your head.


Message History

The orc priest hits you with a dagger.
You hit the orc priest but do no damage.
Your tail-slap misses the orc priest.
The orc priest is moderately wounded.
The orc priest barely misses you.
Casting: Beastly Appendage
Confirm with . or Enter, or press ? or * to list all spells.
You miscast Spider Form.
Nothing appears to happen.
You are feeling hungry.
The orc priest calls down the wrath of Beogh upon you.
Beogh smites you!
* * * LOW HITPOINT WARNING * * *
It was a potion of degeneration.
There was something very wrong with that liquid.
You feel weakened.
You feel dopey.
You feel clumsy.
The orc priest looks encouraged for a moment.
It was a potion of magic.
Magic courses through your body.
The orc priest mumbles some strange prayers to Beogh against you.
Beogh smites you!
You die...

### #.. .# #.# .###. #.....
#.# #####...#. #.....
#.##### #......... #.....
#.#...# #.........
#.....##.#@..#####.........
#.....+..o......##.........
#.....##.######.##.........
#......#(# #.##.........
###'#)# #.##.........
##...o.# #.##......#.#
#......# #........#.#.
#...)..### #.......#.#.#
#........#####.......#.>.


You could see an orc priest.

Vanquished Creatures
  An orc wizard (D:4)
  Jessica (D:2)
  6 adders
  2 oozes
  An adder zombie (D:3)
  3 worms
  3 dart slugs (D:1)
  4 leopard geckos
  2 orcs
  7 giant cockroaches
  14 goblins
  9 hobgoblins
  7 kobolds
  3 bats
  6 frilled lizards
  7 rats
76 creatures vanquished.

Vanquished Creatures (others)
  An orc (D:4)
1 creature vanquished.

Grand Total: 77 creatures vanquished

Notes
Turn   | Place    | Note
-------+----------+-------------------------------------------
     0 | D:1      | vatarom the Draconian Transmuter began the quest for the Orb.
     0 | D:1      | Reached XP level 1. HP: 16/16 MP: 3/3
   118 | D:1      | Reached XP level 2. HP: 22/23 MP: 3/5
   548 | D:1      | Reached XP level 3. HP: 23/29 MP: 4/6
  1332 | D:2      | Reached skill level 4 in Unarmed Combat
  1587 | D:2      | Learned a level 2 spell: Sticks to Snakes
  1591 | D:2      | Learned a level 3 spell: Spider Form
  1600 | D:2      | Found a blossoming altar of Fedhas.
  1605 | D:2      | Reached XP level 4. HP: 18/36 MP: 7/7
  1873 | D:2      | Noticed Jessica
  1882 | D:2      | Killed Jessica
  2650 | D:3      | Reached XP level 5. HP: 23/42 MP: 8/8
  3420 | D:4      | Found a staircase to the Ecumenical Temple.
  3425 | Temple   | Entered the Ecumenical Temple
  3622 | Temple   | Became a worshipper of Warmaster Okawaru
  3776 | D:4      | Killed from afar by an orc priest

Skill      XL: |  1  2  3  4  5 |
---------------+----------------+-----
Fighting       | 2 3 |  3.0
Unarmed Combat | 4 |  4.9
Transmutations | 3 |  3.3
Dodging        | |  1.7
Spellcasting   | |  2.0

Action                   |  1- 3 |  4- 6 || total
-------------------------+-------+-------++-------
Melee: Unarmed           |   123 |   126 ||   249
       Headbutt          |     4 |     5 ||     9
       Kick              |     3 |     1 ||     4
       Tailslap          |     8 |    13 ||    21
       Punch             |     2 |     3 ||     5
 Cast: Beastly Appendage |    11 |    11 ||    22
       Spider Form       |     1 |     2 ||     3
       Sticks to Snakes  |       |     7 ||     7
  Use: Scroll            |     6 |     2 ||     8
       Potion            |     3 |     4 ||     7
 Stab: Sleeping          |       |     2 ||     2
  Eat: Chunk             |     2 |     5 ||     7
       Ration            |       |     1 ||     1
Armor: Skin              |    20 |    28 ||    48
Dodge: Dodged            |    66 |    69 ||   135
